[Event "Live Chess"]
[Site "Chess.com"]
[Date "2023.05.21"]
[Round "-"]
[White "LodeshChess"]
[Black "Pablo_dmp"]
[Result "0-1"]
[WhiteElo "1182"]
[BlackElo "1861"]
[TimeControl "300"]
[EndTime "19:11:00 PDT"]
[Termination "Pablo_dmp won by resignation"]

1. e4 c5 2. Nf3 Nc6 3. Bb5 g6 4. Bxc6 dxc6 5. d3 Bg7 6. h4 h5 7.
Be3 Bxb2 8. Nbd2 Bxa1 9. Qxa1 f6 10. Ng5 Nh6 11. Bxc5 O-O 12. Ngf3 Bg4 13. a4 b6 14.
Qa2+ Kg7 15. Bd4 e5 16. Bc3 Qe7 17. O-O c5 18. a5 Rfd8 19. axb6 axb6 20. Qb3 Qe6 21.
Qxe6 Bxe6 22. Rb1 Rd6 23. Nc4 Bxc4 24. dxc4 Ra4 25. g3 Rxc4 26. Bd2 Rxc2 27. Ra1 Rdxd2 28.
Nxd2 Rxd2 29. Ra7+ Nf7 30. Kf1 b5 31. Ke1 Rc2 32.
Rb7 b4 33. Rb5 Nd6 34. Rb6 Nxe4 35. Rb7+ Kf8 36. Kd1 Rxf2 0-1

[Event "Live Chess"]
[Site "Chess.com"]
[Date "2023.05.21"]
[Round "-"]
[White "GEMdzq"]
[Black "Olisingapore"]
[Result "1-0"]
[WhiteElo "2291"]
[BlackElo "1794"]
[TimeControl "300"]
[EndTime "19:11:36 PDT"]
[Termination "GEMdzq won by resignation"]

1. e4 c5 2. d4 cxd4 3. c3 dxc3 4. Nxc3 Nc6 5. Bc4 e6 6. Nf3 Nf6 7. Qe2 d5 8. exd5 Nb4 9. dxe6 Bxe6 10. Bb5+ Nc6 11. O-O Be7 12. Rd1 Qc7 13. Nd4 Bd7 14.
Nxc6 bxc6 15. Bc4 Bg4 16. f3 Bh5 17. Re1 Kf8 18. Be3 Re8 19. Qf2 Bd6 20. Bc5 Bxc5 21.
Qxc5+ Kg8 22. Rxe8+ Nxe8 23. Re1 Nf6 24. Ne4 Nxe4 25. Rxe4 Qd7 26. Qxh5 Qd1+ 27. Kf2 Qd2+ 28. Kg3 Qd6+ 29. Qe5 Qg6+ 30. Kf2 h6 31. Qe8+ Kh7 32. Qxf7 Qxf7 33. Bxf7 Rb8 34. Bb3 1-0

[Event "Live Chess"]
[Site "Chess.com"]
[Date "2023.05.21"]
[Round "-"]
[White "LutherSullivan"]
[Black "alanmike75"]
[Result "1-0"]
[WhiteElo "2111"]
[BlackElo "1591"]
[TimeControl "300"]
[EndTime "19:11:40 PDT"]
[Termination "LutherSullivan won by resignation"]

1. e4 e5 2. Nf3 Nc6 3. Bc4 Be7 4. d4 d6 5. dxe5 dxe5 6. Qxd8+ Bxd8 7. O-O Nge7 8. Nc3 O-O 9. Nd5 Be6 10. Nxe7+ Bxe7 11. Bxe6 fxe6 12. c3 h6 13. Be3 b6 14. Rad1 Rad8 15.
Rfe1 Bf6 16. Kf1 Na5 17. b3 c5 18. Ke2 Nc6 19. Nd2 Kf7 20. Nc4 Ke7 21. a3 Rd7 22. Rxd7+ Kxd7 23. Rd1+ Kc7 24. b4 cxb4 25. axb4 Rd8 26.
Ra1 Kb7 27. b5 Ne7 28. Rxa7+ Kxa7 29. Bxb6+ Kb7 30. Bxd8 Ng6 31. Ba5 1-0

[Event "Live Chess"]
[Site "Chess.com"]
[Date "2023.05.21"]
[Round "-"]
[White "LiamBellwood"]
[Black "Conradical12"]
[Result "1-0"]
[WhiteElo "2029"]
[BlackElo "1650"]
[TimeControl "300"]
[EndTime "19:12:09 PDT"]
[Termination "LiamBellwood won by resignation"]

1. d4 d5 2. Nc3 Nc6 3. Bf4 Nf6 4.
Nb5 e5 5. Bxe5 Nxe5 6. dxe5 c6 7. exf6 cxb5 8. e3 Qxf6 9. Bxb5+ Bd7 10. Bxd7+ Kxd7 11. Qxd5+ Bd6 12. Qxb7+ Ke6 13. Qe4+ Kd7 14. O-O-O Rab8 15. Qd4 Qe6 16. Kb1 Rhc8 17. Nf3 Qg6 18. Ne5+ 1-0

[Event "Live Chess"]
[Site "Chess.com"]
[Date "2023.05.21"]
[Round "-"]
[White "Singapourfeuj"]
[Black "ViktorTheCoolBoy"]
[Result "0-1"]
[WhiteElo "2151"]
[BlackElo "2509"]
[TimeControl "300"]
[EndTime "19:12:15 PDT"]
[Termination "ViktorTheCoolBoy won by resignation"]

1. e4 e5 2. Nf3 Nc6 3. Bb5 Nf6 4.
O-O Nxe4 5. Re1 Nd6 6. Nxe5 Be7 7. Ba4 O-O 8. d4 Nf5 9. c3 Nxe5 10. dxe5 d5 11.
Nd2 c5 12. Bc2 Be6 13. Qh5 g6 14. Qe2 Qd7 15. Nf3 Rae8 16. Ng5 d4 17. Nxe6 fxe6 18. Bxf5 Rxf5 19. cxd4 cxd4 20. Bd2 Ref8 21. f3 d3 22. Qe4 Bc5+ 23. Kh1 Bb6 24. Rad1 Rc8 25. Bc3 Rd8 26. g4 Rf7 27. Kg2 Qb5 28. a4 Qd7 29. Rd2 g5 30. Red1 Rf4 31. Qxd3 Qxa4 32. Qxd8+ Bxd8 33. Rxd8+ Rf8 34. Rxf8+ Kxf8 35. Rd6 b5 36. Rxe6 b4 37.
Bd4 Qc2+ 38. Kg3 Qd1 39. Rd6 a5 40. e6 Qe1+ 41. Bf2 Qe5+ 42. Kg2 Qxd6 43. h4 Qxe6 44. hxg5 a4 45. Bd4 Kf7 46. Kg3 a3 47. bxa3 bxa3 48. f4 Qb3+ 49. Kh4 Qb2 50. g6+ hxg6 51. f5 Qxd4 52. fxg6+ Kxg6 0-1

[Event "Live Chess"]
[Site "Chess.com"]
[Date "2023.05.21"]
[Round "-"]
[White "IgorSchukin"]
[Black "wot-not"]
[Result "1-0"]
[WhiteElo "1791"]
[BlackElo "1560"]
[TimeControl "300"]
[EndTime "19:12:26 PDT"]
[Termination "IgorSchukin won by resignation"]

1. e4 e6 2. Nf3 d5 3. Nc3 dxe4 4. Nxe4 Nf6 5. Nxf6+ Qxf6 6. d4 h6 7. Bd3 Bd6 8. c3 O-O 9. O-O Bd7 10. Re1 Bc6 11.
Ne5 Nd7 12. Nxc6 bxc6 13. g3 e5 14. Be3 Rae8 15. Bf1 c5 16. Bg2 exd4 17. cxd4 cxd4 18. Qxd4 Qxd4 19. Bxd4 Rxe1+ 20. Rxe1 Bc5 21. Bxc5 Nxc5 22. Rc1 Nd3 23. Rxc7 Nxb2 24. Rxa7 Re8 25. Ra8 Rxa8 26. Bxa8 Nc4 27. Bd5 Na3 28. f4 Kf8 29. Kf2 Ke7 30.
Ke3 f6 31. Kd4 Kd6 32. Bb3 Nb5+ 33. Ke4 Nc3+ 34. Kf5 Ke7 35. Kg6 Kf8 36. g4 Ne2 37. f5 Nf4+ 38. Kh7 Nh3 39. a4 Nf2 40. a5 Nxg4 41.
a6 Ne3 42. a7 Nxf5 43. a8=Q+ Ke7 44. Qb7+ Kd6 45. Qd5+ 1-0

[Event "Live Chess"]
[Site "Chess.com"]
[Date "2023.05.21"]
[Round "-"]
[White "whatnot126"]
[Black "xx_blindpuffin_xx"]
[Result "1-0"]
[WhiteElo "2067"]
[BlackElo "2170"]
[TimeControl "300"]
[EndTime "19:12:26 PDT"]
[Termination "whatnot126 won by resignation"]

1. e4 c6 2. Nc3 d5 3. Nf3 Bg4 4. Be2 e6 5. d4 Nd7 6. Ng5 Bxe2 7. Qxe2 Be7 8. Qh5 g6 9. Qg4 Ngf6 10. Qh3 Nxe4 11.
Ngxe4 dxe4 12. Nxe4 Nf6 13. Nxf6+ Bxf6 14. Bh6 Qxd4 15.
O-O O-O-O 16. c3 Qd3 17. Qg4 Kb8 18. Qf4+ e5 19. Qxf6 1-0

[Event "Live Chess"]
[Site "Chess.com"]
[Date "2023.05.21"]
[Round "-"]
[White "Tushinskiy"]
[Black "Duke_of_Bebington"]
[Result "1-0"]
[WhiteElo "2181"]
[BlackElo "1582"]
[TimeControl "300"]
[EndTime "19:12:28 PDT"]
[Termination "Tushinskiy won by resignation"]

1. d4 d5 2. c3 Bf5 3. Nf3 Nf6 4. Bf4 e6 5. e3 c5 6. Bd3 Bxd3 7. Qxd3 c4 8. Qc2 b5 9. Nbd2 Nc6 10. e4 b4 11.
e5 Nd7 12. O-O Be7 13. h3 O-O 14. Bg3 a5 15. Rfb1 a4 16. Kh2 b3 17. axb3 axb3 18.
Qd1 h6 19. Nf1 Nb6 20. Ne3 Na4 21. Qd2 f5 22. exf6 Bxf6 23. Re1 Qd7 24. Ng4 h5 25. Nxf6+ Rxf6 26. Ne5 Nb6 27. Rxa8+ Nxa8 28. Nxd7 1-0

[Event "Live Chess"]
[Site "Chess.com"]
[Date "2023.05.21"]
[Round "-"]
[White "nigelst"]
[Black "manthanit"]
[Result "1-0"]
[WhiteElo "1747"]
[BlackElo "1054"]
[TimeControl "300"]
[EndTime "19:12:31 PDT"]
[Termination "nigelst won by checkmate"]

1. e4 e6 2. d4 d5 3. exd5 exd5 4. Nf3 Nf6 5. Bd3 Nbd7 6. O-O Be7 7. Re1 O-O 8. c4 dxc4 9. Bxc4 c5 10. d5 b6 11. Nc3 Bb7 12. d6 Bxf3 13. gxf3 Re8 14. dxe7 Rxe7 15. Rxe7 Qxe7 16. Bg5 h6 17. Nd5 Qd8 18. Bxf6 Nxf6 19. Nxf6+ Qxf6 20. Qd5 Rd8 21. Qe4 Qxb2 22. Re1 Rf8 23. Re2 Qc1+ 24. Kg2 Qg5+ 25.
Qg4 Qc1 26. Re7 Qc2 27. Rxa7 b5 28. Bxb5 Rd8 29. Bc4 Rd4 30. Bxf7+ Kh7 31. Qc8 Rd2 32. Qg8# 1-0

[Event "Live Chess"]
[Site "Chess.com"]
[Date "2023.05.21"]
[Round "-"]
[White "Biranidun"]
[Black "ramses-IIG"]
[Result "1-0"]
[WhiteElo "2549"]
[BlackElo "849"]
[TimeControl "300"]
[EndTime "19:13:29 PDT"]
[Termination "Biranidun won by checkmate"]

1. e4 d5 2. exd5 Qxd5 3. Nc3 Qe6+ 4. Be2 Qg6 5. Nf3 Qxg2 6. Rg1 Qh3 7. d4 c6 8. d5 e6 9. dxc6 Nxc6 10. Nb5 Bb4+ 11. Bd2 Bxd2+ 12. Qxd2 Ke7 13. Qd6+ Kf6 14. Ng5 Qf5 15.
Nc7 Qa5+ 16. c3 g6 17. Ne8+ Kf5 18. Bd3# 1-0

[Event "Live Chess"]
[Site "Chess.com"]
[Date "2023.05.21"]
[Round "-"]
[White "chessfiction"]
[Black "Hussamalhaidar"]
[Result "1-0"]
[WhiteElo "2351"]
[BlackElo "1110"]
[TimeControl "300"]
[EndTime "19:13:49 PDT"]
[Termination "chessfiction won on time"]

1. e4 Nc6 2. d4 e5 3. d5 Nce7 4.
Ne2 Ng6 5. h4 Bc5 6. h5 Nf4 7.
Nxf4 exf4 8. Bxf4 d6 9. Nc3 f5 10. Bd3 Nf6 11. h6 g6 12. exf5 Bxf5 13. Bxf5 gxf5 14. Qe2+ Qe7 15. Qxe7+ Kxe7 16. Bg5 Rhg8 17. f4 Rae8 18. O-O-O Kf7 19. Rde1 Rxg5 20. fxg5 Ng4 21.
Rxe8 Kxe8 22. g6 Bd4 23. g7 Kf7 24. Rf1 Nxh6 25. Nb5 Be3+ 26. Kd1 Kxg7 27. Nxc7 Bb6 28. Ne8+ Kg6 29. Nxd6 Ng4 30. Nxf5 h5 31. d6 Bd8 32.
Ke2 Ne5 33. Ne7+ Kg7 34. Rf5 Nf7 35. Rxh5 Nxd6 36. Nf5+ Nxf5 37. Rxf5 Bf6 38. Rd5 b6 39. Rd7+ Kg6 40. Rxa7 Bxb2 41. Rb7 Be5 42. c3 Bxc3 43.
Rxb6+ Kf5 44. Rb5+ Kg6 45. Rb3 Be5 46. Rb6+ 1-0

[Event "Live Chess"]
[Site "Chess.com"]
[Date "2023.05.21"]
[Round "-"]
[White "ViktorTheCoolBoy"]
[Black "Conradical12"]
[Result "1-0"]
[WhiteElo "2509"]
[BlackElo "1650"]
[TimeControl "300"]
[EndTime "19:14:51 PDT"]
[Termination "ViktorTheCoolBoy won by resignation"]

1. d4 d5 2. c4 c6 3. Nc3 Nf6 4. Nf3 Bf5 5. e3 e6 6. Bd3 Bd6 7. Bxf5 exf5 8. cxd5 cxd5 9. Qb3 O-O 10. Bd2 Nc6 11. Nxd5 Rc8 12. Nxf6+ Qxf6 13. O-O g5 14. Bc3 g4 15. d5 Ne5 16. Nxe5 Bxe5 17. Bxe5 Qxe5 18.
Rac1 h5 19. Rxc8 Rxc8 20. Qxb7 Rf8 21. Rd1 h4 22. d6 h3 23. d7 Qe7 24. Qc7 hxg2 25.
d8=Q 1-0

[Event "Live Chess"]
[Site "Chess.com"]
[Date "2023.05.21"]
[Round "-"]
[White "whatnot126"]
[Black "Tushinskiy"]
[Result "0-1"]
[WhiteElo "2062"]
[BlackElo "2186"]
[TimeControl "300"]
[EndTime "19:16:06 PDT"]
[Termination "Tushinskiy won by checkmate"]

1. e4 e5 2. Nf3 d6 3. d4 Bg4 4.
Bc4 Nd7 5. O-O Ngf6 6. h3 Bh5 7.
Nc3 Be7 8. Be3 c6 9. g4 Bg6 10. Qe2 Qc7 11. Nh4 b5 12. Nxg6 hxg6 13. Bb3 Rxh3 14. f4 exd4 15. Bxd4 a6 16. e5 dxe5 17.
fxe5 Rg3+ 18. Kh1 O-O-O 19. exf6 Rh8+ 20. Qh2 Rgh3 21. Qxh3 Rxh3+ 22. Kg2 Qg3# 0-1

[Event "Live Chess"]
[Site "Chess.com"]
[Date "2023.05.21"]
[Round "-"]
[White "chessfiction"]
[Black "Biranidun"]
[Result "1/2-1/2"]
[WhiteElo "2355"]
[BlackElo "2541"]
[TimeControl "300"]
[EndTime "19:16:23 PDT"]
[Termination "Game drawn by agreement"]

1. e3 e5 2. d4 exd4 3. exd4 d5 4. Nf3 Bd6 5. Be2 Nc6 6. O-O Nge7 7. c4 dxc4 8. Nbd2 Bg4 9. Nxc4 O-O 10. Bg5 Bxf3 11. Bxf3 Nxd4 12. Nxd6 Qxd6 13. Bxe7 Nxf3+ 14. Qxf3 Qxe7 15. Qxb7 Rab8 16. Qxa7 Rxb2 17. Rac1 Qe6 18. Rxc7 Rxa2 19. Qc5 g6 20. g3 h5 21. h4 Re8 22. Qc4 Qxc4 23.
Rxc4 Kg7 24. Rf4 Re7 25. Kg2 Ra6 26. Kg1 Rf6 1/2-1/2

[Event "Live Chess"]
[Site "Chess.com"]
[Date "2023.05.21"]
[Round "-"]
[White "Fazer180"]
[Black "ChessClubLive"]
[Result "0-1"]
[WhiteElo "1744"]
[BlackElo "1763"]
[TimeControl "300"]
[EndTime "19:16:45 PDT"]
[Termination "ChessClubLive won by resignation"]

1. e4 c5 2. Nf3 e6 3. d4 cxd4 4. Nxd4 Nf6 5. Nc3 g6 6. Be3 Bg7 7. Ndb5 O-O 8. Nd6 Nc6 9. f4 a6 10. Be2 Qc7 11. O-O Ne8 12. Nxe8 Rxe8 13. Qd2 Ne7 14. Rad1 b5 15. Bd4 f6 16. a3 Bb7 17.
Bf3 Rac8 18. Be3 d5 19. exd5 exd5 20. Nxd5 Nxd5 21. Bxd5+ Bxd5 22. Qxd5+ Kh8 23. Bd4 Qxc2 24. Bc3 Re2 25. Qf3 Rce8 26. Qc6 h5 27. Bxf6 Qxc6 28.
Bxg7+ Kxg7 29. Rf3 Re1+ 30. Rxe1 Rxe1+ 31. Kf2 Rb1 32. b4 Rb2+ 33. Kg3 Qc2 34. Kh4 Qxg2 35. Rh3 0-1

[Event "Live Chess"]
[Site "Chess.com"]
[Date "2023.05.21"]
[Round "-"]
[White "garyjc"]
[Black "Long1968"]
[Result "0-1"]
[WhiteElo "1046"]
[BlackElo "1042"]
[TimeControl "300"]
[EndTime "19:16:58 PDT"]
[Termination "Long1968 won by resignation"]

1. e4 e6 2. d4 d5 3. exd5 exd5 4.
Nf3 Bg4 5. Qe2+ Be7 6. h3 Bh5 7.
g4 Bg6 8. h4 h5 9. Ne5 Nf6 10.
Nxg6 fxg6 11. Bg5 Nxg4 12. Nc3 Nc6 13. Bh3 O-O 14. Bxe7 Qxe7 15. Bxg4 hxg4 16. O-O-O Qxe2 17. Nxe2 Rxf2 18. Nc3 Rd8 19. Nb5 Nb4 20. Rd2 Rdf8 21. Rxf2 Rxf2 22. Nxc7 Rxc2+ 23. Kb1 Rxc7 0-1

[Event "Live Chess"]
[Site "Chess.com"]
[Date "2023.05.21"]
[Round "-"]
[White "raminguy"]
[Black "flyingpuffins"]
[Result "1-0"]
[WhiteElo "1969"]
[BlackElo "1957"]
[TimeControl "300"]
[EndTime "19:17:13 PDT"]
[Termination "raminguy won by checkmate"]

1. d4 d5 2. Nc3 Nf6 3. Bf4 a6 4. e3 c5 5. dxc5 Nc6 6. a3 e5 7. Bg5 Be6 8. b4 a5 9. Bb5 Be7 10. Nge2 O-O 11. Bxc6 bxc6 12. O-O h6 13. Bh4 g5 14.
Bg3 Nd7 15. Qd2 f5 16. f4 e4 17. Nd4 Rf6 18. h4 gxf4 19. Bxf4 Rc8 20. Qe2 axb4 21. axb4 Bf7 22. Ra6 Nb8 23. Bxb8 Rxb8 24. Nxc6 Qf8 25. Nxb8 Qxb8 26. Rxf6 Bxf6 27. Nb5 Bxh4 28. Rxf5 Be8 29. Nd6 Bd7 30. Qg4+ Bg5 31. Rxg5+ hxg5 32. Qxd7 Qxb4 33.
Qf7+ Kh8 34. Nf5 Qe1+ 35. Kh2 Qc3 36. c6 Qe5+ 37. g3 Qc3 38. Qg7+ Qxg7 39. Nxg7 Kxg7 40.
c7 g4 41. c8=Q Kf6 42. Qxg4 Ke5 43. Qf4+ Ke6 44. c3 d4 45. cxd4 Kd5 46. Qe5+ Kc4 47.
Qxe4 Kb5 48. g4 Kb6 49. g5 Kc7 50. g6 Kd8 51. g7 Kd7 52. g8=R Kd6 53. Rg6+ Kd7 54.
Qe6+ Kd8 55. Rg8+ Kc7 56. Rc8+ Kb7 57. Qc6+ Ka7 58. Ra8# 1-0

[Event "Live Chess"]
[Site "Chess.com"]
[Date "2023.05.21"]
[Round "-"]
[White "ramses-IIG"]
[Black "Hussamalhaidar"]
[Result "1-0"]
[WhiteElo "862"]
[BlackElo "1094"]
[TimeControl "300"]
[EndTime "19:17:18 PDT"]
[Termination "ramses-IIG won by resignation"]

1. e4 Nc6 2. Nf3 e6 3. Bc4 a6 4. e5 d6 5. d4 dxe5 6. dxe5 Bc5 7. O-O b5 8. Bb3 Bb7 9. Bg5 f6 10. exf6 gxf6 11. Bh4 Nh6 12. Nfd2 Nd4 13. Qh5+ Nf7 14. Qxc5 Ne2+ 15. Kh1 Qxd2 16. Nxd2 1-0

[Event "Live Chess"]
[Site "Chess.com"]
[Date "2023.05.21"]
[Round "-"]
[White "grillage"]
[Black "blowerd"]
[Result "1-0"]
[WhiteElo "1808"]
[BlackElo "1356"]
[TimeControl "300"]
[EndTime "19:17:49 PDT"]
[Termination "grillage won by checkmate"]

1. d4 d5 2. Nf3 Nc6 3. Bf4 Bf5 4. a3 Nf6 5. Nc3 e6 6. Nb5 Bd6 7. Nxd6+ cxd6 8. e3 Bg4 9. Be2 e5 10. Bg3 e4 11.
Nd2 Bxe2 12. Qxe2 O-O 13. O-O Re8 14. c4 dxc4 15. Nxc4 d5 16. Nd6 Re6 17. Nxb7 Qe8 18. Rac1 Nh5 19. Nc5 Rg6 20. Qxh5 Rb8 21. Bxb8 Ne7 22.
Bg3 Rh6 23. Qe5 f6 24. Qe6+ Kh8 25. Na6 f5 26. Qe5 Rxa6 27. Rc7 h6 28. Qxe7 Qg6 29. Be5 Re6 30. Qxg7+ Qxg7 31. Bxg7+ Kg8 32. Be5 Rb6 33.
b4 Ra6 34. h4 Rxa3 35. Rd7 a5 36. bxa5 Rxa5 37. g3 Kf8 38. Kg2 Ke8 39. Rh7 h5 40. Rb1 Ra8 41. Rh8+ Kd7 42. Rxa8 f4 43. Bxf4 Ke6 44.
Rb6+ Kf5 45. Rf8+ Kg4 46. Rg8+ Kf5 47. Rg5# 1-0

[Event "Live Chess"]
[Site "Chess.com"]
[Date "2023.05.21"]
[Round "-"]
[White "LutherSullivan"]
[Black "ClassyChameleon"]
[Result "1-0"]
[WhiteElo "2111"]
[BlackElo "1084"]
[TimeControl "300"]
[EndTime "19:17:56 PDT"]
[Termination "LutherSullivan won by checkmate"]

1. e4 e5 2. Nf3 Nc6 3. Bc4 Nf6 4. d3 h6 5. O-O Bd6 6. c3 O-O 7. d4 exd4 8. cxd4 Nxe4 9. d5 Ne5 10.
Nxe5 Bxe5 11. Re1 Qh4 12. g3 Bxg3 13. fxg3 Nxg3 14. Qd3 Nh5 15. Re4 Qf6 16. d6 cxd6 17. Nc3 d5 18. Nxd5 Qd6 19. Ne7+ Qxe7 20. Rxe7 d5 21. Bxd5 Bg4 22. Bxh6 Rad8 23. Bxf7+ Kh8 24. Bxg7+ Nxg7 25. Qg6 Rd1+ 26. Rxd1 Bxd1 27. Qh6# 1-0

[Event "Live Chess"]
[Site "Chess.com"]
[Date "2023.05.21"]
[Round "-"]
[White "Olisingapore"]
[Black "LiamBellwood"]
[Result "0-1"]
[WhiteElo "1791"]
[BlackElo "2032"]
[TimeControl "300"]
[EndTime "19:18:12 PDT"]
[Termination "LiamBellwood won by checkmate"]

1. d4 e6 2. c4 f5 3. g3 Nf6 4. Bg2 Be7 5. Nc3 O-O 6. Nf3 d6 7. O-O a5 8. a4 Nc6 9. Qc2 e5 10. dxe5 dxe5 11. Rd1 Qe8 12. Nd5 Bd8 13. Qc3 Ne4 14. Qc2 Nf6 15. Be3 Qh5 16. Bc5 Re8 17. Nxf6+ Bxf6 18. Be3 Be6 19. Rac1 Rad8 20. Rxd8 Rxd8 21.
Ne1 Nb4 22. Qc3 e4 23. Qb3 Qxe2 24. Nc2 Bxc4 25. Nd4 Bxb3 26. Nxe2 Rd1+ 27. Rxd1 Bxd1 28. Nc3 Bb3 29. f3 Bxc3 30. bxc3 Nc2 31. Bc5 e3 32. Kf1 Bc4+ 33. Kg1 e2 34. f4 e1=Q+ 35. Bf1 Qxf1# 0-1

[Event "Live Chess"]
[Site "Chess.com"]
[Date "2023.05.21"]
[Round "-"]
[White "GEMdzq"]
[Black "alanmike75"]
[Result "1-0"]
[WhiteElo "2291"]
[BlackElo "1591"]
[TimeControl "300"]
[EndTime "19:18:22 PDT"]
[Termination "GEMdzq won by resignation"]

1. e4 e5 2. d4 exd4 3. c3 dxc3 4. Bc4 Nf6 5. Nf3 d5 6. exd5 Bd6 7. Nxc3 O-O 8. O-O Bg4 9. h3 Bh5 10. Bg5 Nbd7 11. Be2 Bg6 12. Re1 Nb6 13. Qd4 h6 14.
Bh4 Re8 15. Bb5 Rxe1+ 16. Rxe1 Nbd7 17. Bxd7 Qxd7 18. Bxf6 gxf6 19. Qxf6 Qf5 20. Qxf5 Bxf5 21. g4 Bg6 22. Nd4 a6 23. Kg2 Kg7 24. Kf3 Rd8 25. Nf5+ Bxf5 26. gxf5 Kf6 27. Rg1 Ke5 28. Rg7 Kf6 29.
Rh7 Kxf5 30. Rxh6 Be5 31. Rh5+ 1-0

[Event "Live Chess"]
[Site "Chess.com"]
[Date "2023.05.21"]
[Round "-"]
[White "worldchessleaguelive"]
[Black "therealab0ne"]
[Result "1-0"]
[WhiteElo "1355"]
[BlackElo "724"]
[TimeControl "300"]
[EndTime "19:18:24 PDT"]
[Termination "worldchessleaguelive won by checkmate"]

1. d4 d5 2. Bf4 Nf6 3. Nf3 e6 4. e3 Bd6 5. Nbd2 O-O 6. g3 Bxf4 7. exf4 Qd6 8. Bg2 c5 9. c3 Nc6 10. Nb3 cxd4 11. Nbxd4 Nxd4 12. Qxd4 Re8 13. Ne5 Bd7 14. Nxd7 Qxd7 15. O-O Qc7 16. Rac1 e5 17. fxe5 Qxe5 18. Qxe5 Rxe5 19. f4 Re2 20. Rf2 Rae8 21. Rc2 Re1+ 22. Rf1 Ng4 23. Rxe1 Rxe1+ 24. Bf1 Ne3 25. Rf2 Rb1 26.
Rf3 Nxf1 27. Rxf1 Rxb2 28. Rd1 Rxa2 29. Rxd5 Kf8 30. Rd8+ Ke7 31. Rb8 b6 32. Rb7+ Kd6 33. Rxf7 a5 34. Rxg7 b5 35. Rxh7 b4 36. cxb4 axb4 37.
Rb7 Kc5 38. f5 Kc4 39. f6 Kc3 40. f7 b3 41. f8=Q b2 42. Qc5+ Kd2 43. Rd7+ Ke2 44. Qe5+ Kf3 45. Rf7+ Kg4 46. Qf5# 1-0

[Event "Live Chess"]
[Site "Chess.com"]
[Date "2023.05.21"]
[Round "-"]
[White "xx_blindpuffin_xx"]
[Black "Singapourfeuj"]
[Result "1-0"]
[WhiteElo "2178"]
[BlackElo "2143"]
[TimeControl "300"]
[EndTime "19:18:28 PDT"]
[Termination "xx_blindpuffin_xx won by resignation"]

1. d4 Nf6 2. Bf4 c5 3. e3 d5 4. c3 Nc6 5. Nd2 Qb6 6. Qb3 cxd4 7. exd4 Bf5 8. Ngf3 e6 9. Be2 Be7 10. O-O O-O 11. h3 Qxb3 12. axb3 a6 13. b4 Ne4 14.
Nb3 f6 15. Nc5 Bxc5 16. bxc5 Rfe8 17. Bc7 e5 18. Rfd1 exd4 19. Nxd4 Nxd4 20. cxd4 Nxc5 21. dxc5 Rxe2 22. Rxd5 Be6 23. Rd6 Kf7 24. Rad1 Rc8 25. Ba5 Rxb2 26. Bb6 a5 27. Re1 Re8 28. Rd4 Ra2 29.
Rb1 a4 30. Ba5 Bc8 31. Rbb4 a3 32. Ra4 Re5 33. Bb4 Ra1+ 34. Kh2 a2 35. Rd2 Be6 36. Bc3 Rc1 37. Bxe5 fxe5 38. Rdxa2 Bxa2 39. Rxa2 Rxc5 40. Rb2 b5 41. Kg3 Ke6 42. Kf3 h5 43. Ra2 g5 44.
Ke4 Rc4+ 45. Kd3 b4 46. Kxc4 1-0

[Event "Live Chess"]
[Site "Chess.com"]
[Date "2023.05.21"]
[Round "-"]
[White "LutherSullivan"]
[Black "ramses-IIG"]
[Result "1-0"]
[WhiteElo "2111"]
[BlackElo "862"]
[TimeControl "300"]
[EndTime "19:18:56 PDT"]
[Termination "LutherSullivan won by resignation"]

1. e4 d5 2. exd5 Qxd5 3. Nc3 Qe6+ 4. Be2 Qg6 5. Bf3 c6 6. Nge2 e5 7. d4 f6 8. Ng3 Bb4 9. Bh5 Bxc3+ 10. bxc3 Qxh5 11.
Qxh5+ 1-0

[Event "Live Chess"]
[Site "Chess.com"]
[Date "2023.05.21"]
[Round "-"]
[White "KeithArkell"]
[Black "Pablo_dmp"]
[Result "1-0"]
[WhiteElo "2573"]
[BlackElo "1861"]
[TimeControl "300"]
[EndTime "19:19:23 PDT"]
[Termination "KeithArkell won by resignation"]

1. Nf3 Nf6 2. c4 c5 3. Nc3 Nc6 4. g3 g6 5. Bg2 Bg7 6. O-O O-O 7.
a3 a6 8. b4 cxb4 9. axb4 Nxb4 10. d4 d5 11. Ba3 Nc6 12. cxd5 Nxd5 13. Nxd5 Qxd5 14. Ne5 Qe6 15. Nxc6 bxc6 16. e3 Bd7 17.
Qc2 Rac8 18. Rfc1 c5 19. Bxc5 Bb5 20. Qa2 Qxa2 21. Rxa2 Rfe8 22. Rca1 e5 23. Bh3 Rc7 24. Bd6 Rc3 25. dxe5 Bxe5 26. Bxe5 Rxe5 27. Bf1 Rec5 28. Bxb5 axb5 29. Ra8+ Kg7 30. Kg2 b4 31. Rb8 b3 32.
Ra7 Rf5 33. g4 Rf6 34. Kg3 Rc2 35. f3 Rc3 36. Re7 Re6 37. Rxe6 fxe6 38. Kf4 e5+ 39. Ke4 h5 40. g5 Kf7 41. Rb6 Rc2 42. Rxb3 Rxh2 43.
Rb7+ Ke6 44. Rb6+ Kf7 45. Kxe5 Rg2 46. Rb7+ Ke8 47. Kf6 Rg3 48. f4 Rxe3 49. Kxg6 h4 50.
Rh7 h3 51. f5 Rf3 52. f6 Kd8 53. Rh8+ Kd7 54. f7 Ke7 55. Re8+ Kd7 56. f8=Q Rxf8 57. Rxf8 h2 58. Rf1 1-0

[Event "Live Chess"]
[Site "Chess.com"]
[Date "2023.05.21"]
[Round "-"]
[White "ViktorTheCoolBoy"]
[Black "1600x"]
[Result "1-0"]
[WhiteElo "2509"]
[BlackElo "1886"]
[TimeControl "300"]
[EndTime "19:19:26 PDT"]
[Termination "ViktorTheCoolBoy won by resignation"]

1. e4 e5 2. Nf3 d6 3. d4 Nd7 4. Nc3 h6 5. Rg1 c6 6. g4 exd4 7. Nxd4 Qh4 8. Nf3 Qd8 9. Bc4 b5 10. Bb3 a6 11. g5 g6 12. Bf4 d5 13. exd5 Nc5 14. Qe2+ Qe7 15. Qxe7+ Kxe7 16. O-O-O Kd7 17. dxc6+ Kxc6 18. Bd5+ Kb6 19. Bxa8 Bb7 20. Bxb7 Nxb7 21. Be5 Rh7 22. Nd5+ Ka7 23. h4 Nd6 24. Bxd6 Bxd6 25. gxh6 Bf8 26. Ng5 Bxh6 27. Kb1 Bxg5 28. hxg5 Rg7 29.
Rh1 Ka8 30. Rh8 Kb7 31. Nf6 a5 32. Rxg8 Rxg8 33. Nxg8 a4 34. Nh6 b4 35. Nxf7 Kb6 36. Ne5 Kb5 37. Nxg6 Kb6 38. f4 Ka6 39. f5 Kb5 40. f6 Kc6 41. f7 b3 42. f8=Q Kc7 43. Qc5+ Kb7 44. Rd7+ 1-0

[Event "Live Chess"]
[Site "Chess.com"]
[Date "2023.05.21"]
[Round "-"]
[White "Biranidun"]
[Black "garyjc"]
[Result "1-0"]
[WhiteElo "2541"]
[BlackElo "1046"]
[TimeControl "300"]
[EndTime "19:20:39 PDT"]
[Termination "Biranidun won by resignation"]

1. e4 c5 2. Nf3 d6 3. d4 cxd4 4. Nxd4 Nc6 5. c4 Nxd4 6. Qxd4 Nf6 7. Nc3 e6 8. f3 Be7 9. Be3 Kf8 10. Be2 b6 11.
O-O Bb7 12. Rfd1 Qc7 13. Nb5 Qd8 14. Nxd6 Bxd6 15. Qxd6+ Qxd6 16. Rxd6 g6 17. Rad1 Kg7 18. Bd4 Rhf8 19. Bc3 a6 20. Rxb6 Rab8 21. Rd7 Bc8 22. Rxb8 Bxd7 23. Bxf6+ Kxf6 24. Rxf8 1-0

[Event "Live Chess"]
[Site "Chess.com"]
[Date "2023.05.21"]
[Round "-"]
[White "Conradical12"]
[Black "Tushinskiy"]
[Result "0-1"]
[WhiteElo "1649"]
[BlackElo "2187"]
[TimeControl "300"]
[EndTime "19:21:54 PDT"]
[Termination "Tushinskiy won by resignation"]

1. e4 e5 2. Nc3 d6 3. f4 Nf6 4. Nf3 Bg4 5. Bc4 Nbd7 6. O-O Be7 7. d3 O-O 8. fxe5 dxe5 9. Be3 c6 10. Qd2 b5 11. Bb3 Qc7 12. Rae1 Rad8 13. Nh4 Nc5 14. Nf5 Bxf5 15. Rxf5 Nfxe4 16. Nxe4 Nxe4 17. Qe2 Nc5 18. Bxc5 Bxc5+ 19. Kh1 Rde8 20. c3 g6 21. Rf3 Kg7 22. Qe4 f5 23. Qe2 e4 24. Rh3 exd3 25. Qd2 Rxe1+ 26.
Qxe1 Qd6 27. Qd1 Rd8 28. c4 b4 0-1